Unix NetHack Version 3.7.0-53 Work-in-progress - last build Apr 18 2022 03:42:42 (02b85442fffe0e2954e411e09df771b56fe27bbc,branch:master). Game began 2022-04-18 07:29:14, ended 2022-04-18 20:50:14. Arasaka, chaotic male elven Wizard ------- |.....| ##a..@...# #|.....|# %-------### # # # ## # ## ############ ### # # ### # # ######### --.------- |.<......| .........| |........| ---------- Arasaka the Thaumaturge St:7 Dx:16 Co:10 In:19 Wi:11 Ch:13 Chaotic Dlvl:6 $:272 HP:6(42) Pw:3(55) AC:8 Xp:6/461 T:3301 Burdened Deaf Latest messages: You start playing your leather drum. You pound on the drum. The killer bee turns to flee. The killer bee stings! What do you want to use or apply? [bczABD-F or ?*] You start playing your leather drum. You pound on the drum. The killer bee turns to flee. In what direction? The spell misses the killer bee. Are you sure you want to pray? [yn] (n) You begin praying to Anhur. You finish your prayer. You feel that Anhur is displeased. What do you want to use or apply? [bczABD-F or ?*] You start playing your leather drum. You pound on the drum. The killer bee turns to flee. Really save? [yn] (n) Saving... Restoring save file... Hello Arasaka, the elven Wizard, welcome back to NetHack! You are lucky! Full moon tonight. Your movements are slowed slightly because of your load. # Really quit? [yn] (n) Major events: Turn 1: Arasaka the chaotic male elven Wizard entered the dungeon 565: entered the Gnomish Mines 596: attained the rank of Conjurer (level 3) 2999: attained the rank of Thaumaturge (level 6) 3301: quit Inventory: Coins ('$') $ - 272 gold pieces Weapons (')') a - a blessed +1 quarterstaff (weapon in hands) Armor ('[') p - a cursed -5 pair of fumble boots n - an uncursed +0 pair of low boots (being worn) m - an uncursed +0 cloak of magic resistance (being worn) Comestibles ('%') x - 2 uncursed food rations k - an uncursed tripe ration Scrolls ('?') l - an uncursed scroll of create monster i - an uncursed scroll of food detection r - an uncursed scroll of identify s - an uncursed scroll of light j - 2 uncursed scrolls of magic mapping Spellbooks ('+') z - an uncursed spellbook of invisibility D - an uncursed spellbook of slow monster Potions ('!') g - an uncursed potion of fruit juice h - an uncursed potion of gain level v - an uncursed potion of levitation o - an uncursed potion of object detection H - an uncursed potion of oil G - an uncursed potion of restore ability f - an uncursed potion of sleeping Rings ('=') e - an uncursed ring of stealth d - an uncursed ring of sustain ability (on left hand) Wands ('/') c - an uncursed wand of create monster (0:14) A - an uncursed wand of light (0:10) B - an uncursed wand of striking (0:0) Tools ('(') b - an uncursed leather drum F - an uncursed magic whistle E - an uncursed +0 pick-axe Arasaka the Wizard's attributes: Background: You were a Thaumaturge, a level 6 male elven Wizard. You were chaotic, on a mission for Anhur who was opposed by Ptah (lawful) and Thoth (neutral). You were in the Dungeons of Doom, on level 6. You entered the dungeon 3301 turns ago. There was a full moon in effect when your adventure ended. You had 461 experience points, 179 more were needed to attain level 7. Basics: You had 6 out of 42 hit points. You had 3 out of 55 energy points (spell power). Your armor class was 8. Your wallet contained 272 zorkmids. Autopickup was on for '$"?' plus thrown, with exceptions. Final Characteristics: Your strength was 7 (peak:10, limit:18). Your dexterity was 16 (limit:18). Your constitution was 10 (limit:16). Your intelligence was 19 (limit:20). Your wisdom was 11 (limit:20). Your charisma was 13 (limit:18). Final Status: You were deaf. You were not hungry. You were burdened; movement was slightly slowed. You were wielding a quarterstaff. You had basic skill with quarterstaff and could have enhanced that. Final Attributes: You were piously aligned. You were magic-protected. You were sleep resistant. You were poison resistant. You had infravision. You were warded. You had fixed abilities. You were unlucky. You survived. Miscellaneous: You disabled loading of bones levels. Total elapsed playing time was 31 minutes and 21 seconds. Vanquished creatures: a wood nymph 2 gnome leaders 2 giant ants a kitten 2 dwarves 5 rothes a rabid rat a monkey a wererat 7 killer bees an acid blob 3 coyotes 4 manes 2 large kobolds a hobgoblin 6 giant rats a yellow mold a gnome 4 garter snakes a gnome zombie 5 jackals 2 kobolds 3 goblins 2 sewer rats 5 grid bugs 5 lichens a kobold zombie 7 newts 77 creatures vanquished. No species were genocided or became extinct. Voluntary challenges: You read items or engraved 5 times. You engraved Elbereth 1 time. You never genocided any monsters. You never polymorphed an object. You never changed form. You used no wishes. Achievements: You entered a shop. You entered the Gnomish Mines. You attained the rank of Conjurer. You attained the rank of Thaumaturge. The Dungeons of Doom: levels 1 to 6 Level 1: A tree. Level 2: "wishing/death" A wand shop. Stairs down to The Gnomish Mines. Level 3: A fountain. Level 4: "books" A general store. Level 5: Many fountains. Level 6: <- You were here. The Gnomish Mines: Level 3: Goodbye Arasaka the Wizard... You quit in The Dungeons of Doom on dungeon level 6 with 2376 points, and 272 pieces of gold, after 3301 moves. You were level 6 with a maximum of 42 hit points when you quit.